 Dungeon Crawl Stone Soup version 0.32-a0-938-g40ac7a0f4d (webtiles) character file.

Game seed: 12439766936593862837

101 javelincjr the Trooper (level 4, 0/42 HPs)
             Began as a Minotaur Berserker on Apr 15, 2024.
             Was a Believer of Trog.
             Incinerated by a bombardier beetle (6 damage)
             ... with a burning spray
             ... on level 4 of the Dungeon.
             The game lasted 00:04:11 (2373 turns).

javelincjr the Trooper (Minotaur Berserker)         Turns: 2373, Time: 00:04:12

Health: 0/42       AC: 10    Str: 24    XL:     4   Next: 48%
Magic:  12/12      EV:  8    Int:  4    God:    Trog [**....]
Gold:   171        SH:  0    Dex:  9    Spells: 3/3 levels left

rFire   . . .        a - +0 hand axe
rCold   . . .        (no shield)
rNeg    . . .        s - +0 chain mail
rPois   .            (helmet restricted)
rElec   .            u - +0 cloak
rCorr   +            (no gloves)
SInv    .            (no boots)
Will    .....        (no amulet) Stlth
                     c - ring of resist corrosion
HPRegen 0.27/turn    j - ring of magical power
MPRegen 0.13/turn

%: no passive effects
@: on fire, glowing
A: horns 2, retaliatory headbutt
a: Renounce Religion, Berserk, Trog's Hand


You were on level 4 of the Dungeon.
You worshipped Trog.
Trog was pleased with you.
You visited 1 branch of the dungeon, and saw 4 of its levels.

You collected 171 gold pieces.

Inventory:

Hand Weapons
 a - a +0 hand axe (weapon)
 p - a +3 dagger
Missiles
 i - 44 stones (quivered)
Armour
 b - a +0 animal skin
 h - a +0 leather armour
 l - a +0 ring mail
 s - a +0 chain mail (worn)
 u - a +0 cloak (worn)
Jewellery
 c - a ring of resist corrosion (left hand)
 j - a ring of magical power (right hand)
Wands
 w - a wand of paralysis (9)
Scrolls
 e - 3 scrolls of identify {unknown}
 g - a scroll of fear {unknown}
 k - a scroll of teleportation {unknown}
 m - a scroll of silence {unknown}
 n - 3 scrolls of enchant weapon {unknown}
 o - a scroll of poison {unknown}
 t - a scroll of vulnerability {unknown}
 x - a scroll of noise {unknown}
Potions
 d - 6 potions of curing {unknown}
 f - a potion of berserk rage {unknown}
 q - a potion of heal wounds {unknown}
 r - 2 potions of brilliance {unknown}
 v - a potion of ambrosia {unknown}


   Skills:
 * Level 5.2 Fighting
 + Level 4.5 Axes
 + Level 3.4 Armour
 - Level 2.1 Dodging


You had 3 spell levels left.
You didn't know any spells.
Your spell library was empty.

Dungeon Overview and Level Annotations

Branches:
Dungeon (4/15)
 Temple: D:4-7

Altars:

Annotations:
D:3 3 runed translucent doors, KennySheep's ghost, amateur DEHW; adeline's ghost, amateur DESu


Innate Abilities, Weirdness & Mutations

You have a pair of horns on your head.
You reflexively headbutt those who attack you in melee.


Message History

Found a fizzy grey potion.
The bombardier beetle sprays incendiary fluid at you.
The burning spray hits you.
You are covered in liquid fire!
You see here 8 gold pieces.
You hit the bombardier beetle. You headbutt the bombardier beetle!
The bombardier beetle is heavily wounded.
The liquid fire burns you!
The bombardier beetle bites you but does no damage.
You hit the bombardier beetle but do no damage.
You headbutt the bombardier beetle.
The bombardier beetle is severely wounded.
The liquid fire burns you!
You hit the bombardier beetle but do no damage.
The bombardier beetle is severely wounded.
The liquid fire burns you!
The bombardier beetle sprays incendiary fluid at you.
The burning spray hits you.
You are even more covered in liquid fire!
You completely miss the bombardier beetle.
The bombardier beetle is severely wounded.
The liquid fire burns you! The bombardier beetle bites you.
You shake off some of the fire as you move.
The liquid fire burns you!
You shake off some of the fire as you move.
The liquid fire burns you!
You shake off some of the fire as you move.
The liquid fire burns you!
* * * LOW HITPOINT WARNING * * *
You hit the bombardier beetle but do no damage.
The bombardier beetle is severely wounded.
The liquid fire burns you!
* * * LOW HITPOINT WARNING * * *
The bombardier beetle closely misses you.
You slash the bombardier beetle!
You kill the bombardier beetle!
Trog accepts your kill. The liquid fire burns you!
You die...

# .#
###########.#
............####.
#..@$....!..
#.#########.
#.##.# #.##.#
#.##.# #.##.#
#.##.# #.##.#
#.##.#


There were no monsters in sight!

Vanquished Creatures
  2 bombardier beetles
  3 adders (D:3)
  7 ball pythons
  2 endoplasms (D:1)
  4 giant cockroaches
  5 goblins
  4 hobgoblins
  A jackal (D:2)
  2 quokkas (D:2)
  7 bats
  4 frilled lizards
  3 kobolds
  4 rats
48 creatures vanquished.

Notes
Turn   | Place    | Note
-------+----------+-------------------------------------------
     0 | D:1      | javelincjr the Minotaur Berserker began the quest for the
                  | Orb.
     0 | D:1      | Reached XP level 1. HP: 19/19 MP: 0/0
    87 | D:1      | Reached skill level 4 in Fighting
   131 | D:1      | Reached XP level 2. HP: 27/27 MP: 1/1
  1011 | D:2      | Reached ** piety under Trog
  1022 | D:2      | Reached XP level 3. HP: 34/34 MP: 2/2
  1729 | D:3      | Reached skill level 5 in Fighting
  1729 | D:3      | Reached XP level 4. HP: 40/42 MP: 3/3
  2241 | D:3      | Found a runed translucent gate.
  2242 | D:3      | Found a runed translucent gate.
  2242 | D:3      | Found a runed translucent gate.
  2245 | D:3      | Noticed adeline's ghost (amateur DESu)
  2245 | D:3      | Noticed KennySheep's ghost (amateur DEHW)
  2373 | D:4      | Incinerated by a bombardier beetle

Illustrated notes

Levels and vault maps discovered:
D:1:      dpeg_arrival_simpleton_c, layout_loops_ring
D:2:      wad_pebble_path, layout_loops_ring, kennysheep_generic_room_4
D:3:      layout_basic, gammafunk_ghost_cemetery, hangedman_decor_push,
          minmay_misc_feat_tiny, nicolae_the_louvre
D:4:      layout_loops_ring, mainiacjoe_overflow_tiny_flanked,
          mainiacjoe_overflow_catch_the_wave, serial_shops,
          nicolae_shop_drivethru, nicolae_shop_rolled_up,
          nicolae_shop_just_a_little_nook, nicolae_lakefront_shop, shop,
          uniq_blork_the_orc

Skill      XL: |  1  2  3 |
---------------+----------+-----
Fighting       | 4 5 |  5.2
Axes           | 4 |  4.5
Armour         | 3 |  3.4
Dodging        | |  2.1

Action                     |  1- 3 |  4- 6 || total
---------------------------+-------+-------++-------
  Melee: Hand axe          |    95 |    19 ||   114
         Headbutt          |     7 |     3 ||    10
 Armour: Animal skin       |     7 |       ||     7
         Leather armour    |    18 |       ||    18
         Ring mail         |    12 |       ||    12
         Chain mail        |    34 |    13 ||    47
  Dodge: Dodged            |    52 |     8 ||    60

Table legend: (Time is in decaauts)
 A = Elapsed time spent in this place.
 B = Non-inter-level travel time spent in this place.
 C = Inter-level travel time spent in this place.
 D = Time resting spent in this place.
 E = Time spent auto-exploring this place.
 F = Levels seen in this place.
 G = Mean time per level.
                   A        B        C        D        E       F      G
               +--------+--------+--------+--------+--------+-----+--------+
         Total |   2382 |   2267 |    115 |      0 |   1862 |   4 |  595.5 |
       Dungeon |   2382 |   2267 |    115 |      0 |   1862 |   4 |  595.5 |
               +--------+--------+--------+--------+--------+-----+--------+

Top non-repeatable levels by time:
     D:3: 885 daAuts
     D:1: 811 daAuts
     D:2: 657 daAuts
     D:4: 28 daAuts
